[Event "Titled Tuesday Blitz December 06 Late 2022"]
[White "Ibarra Jerez, Jose Carlos"]
[Black "Rosenthal, Nicholas"]
[WhiteFideId "2226332"]
[BlackFideId "2045150"]
[WhiteElo "2638"]
[BlackElo "2182"]
[Result "1-0"]
[Round "04"]
[TimeControl "180+1"]
[Date "2022.12.06"]
[WhiteClock "0:02:08"]
[BlackClock "0:02:14"]

1. e4 e6 2. d4 d5 3. Nd2 Nf6 4. e5 Nfd7 5. f4 c5 6. c3 Nc6 7. Ndf3 a6 8. Bd3 b5 9. Ne2 Qb6 10. O-O Be7 11. Kh1 g6 12. h3 h5 13. Be3 c4 14. Bc2 a5 15. Bf2 b4 16. Qe1 Bb7 17. Bh4 O-O-O 18. Ba4 Bxh4 19. Qxh4 Rdf8 20. Rfc1 Qd8 21. Qe1 f6 22. Bxc6 Bxc6 23. cxb4 fxe5 24. dxe5 a4 25. Nfd4 Qb6 26. b3 Kb7 27. b5 Bxb5 28. bxc4 1-0


[Site "https://www.chess.com"]

[Event "Titled Tuesday Blitz December 06 Late 2022"]
[White "Jaferian, Koosha"]
[Black "Tworuszka, Michal"]
[WhiteFideId "12507440"]
[BlackFideId "1117858"]
[WhiteElo "2127"]
[BlackElo "2421"]
[Result "1-0"]
[Round "04"]
[TimeControl "180+1"]
[Date "2022.12.07"]
[WhiteClock "0:01:33"]
[BlackClock "0:00:01"]

1. e4 c5 2. Nf3 d6 3. d4 cxd4 4. Nxd4 Nf6 5. Nc3 a6 6. Be3 e5 7. Nf3 Qc7 8. Nd2 Be6 9. a4 Nbd7 10. a5 Be7 11. Be2 O-O 12. O-O Rfc8 13. Ra4 Nc5 14. Bxc5 Qxc5 15. Nc4 Nd7 16. Ne3 Qa7 17. Ned5 Bd8 18. Bg4 Nc5 19. Ra3 b5 20. axb6 Bxb6 21. Nb5 Qb8 22. Ne7+ Kh8 23. Nxc8 Qxc8 24. Nxd6 Qc6 25. Bxe6 Nxe6 26. Nxf7+ Kg8 27. Nxe5 Qxe4 28. Qf3 Qxf3 29. Nxf3 Nf4 30. Re1 1-0


[Site "https://www.chess.com"]

[Event "Titled Tuesday Blitz December 06 Late 2022"]
[White "Jaracz, Pawel"]
[Black "Taboas Rodriguez, Daniel"]
[WhiteFideId "1102222"]
[BlackFideId "2208466"]
[WhiteElo "2673"]
[BlackElo "2461"]
[Result "1-0"]
[Round "04"]
[TimeControl "180+1"]
[Date "2022.12.07"]
[WhiteClock "0:01:07"]
[BlackClock "0:00:04"]

1. c4 Nf6 2. g3 g6 3. Bg2 Bg7 4. Nc3 O-O 5. d4 d6 6. Nf3 c6 7. O-O Qa5 8. e4 Qh5 9. Ng5 Qxd1 10. Rxd1 a6 11. h3 e5 12. Nf3 Nbd7 13. Be3 Re8 14. d5 c5 15. a3 Rb8 16. b4 b5 17. cxb5 axb5 18. Bf1 c4 19. a4 bxa4 20. Rxa4 Nb6 21. Ra7 Nfd7 22. Nd2 f5 23. f3 f4 24. Bf2 fxg3 25. Bxg3 Bh6 26. Bf2 Rf8 27. Kg2 Bxd2 28. Rxd2 Rb7 29. Rxb7 Bxb7 30. Nb5 Rf6 31. Ra2 Nxd5 32. Bxc4 Bc6 33. Nc3 1-0


[Site "https://www.chess.com"]

[Event "Titled Tuesday Blitz December 06 Late 2022"]
[White "Javakhadze, Zurab"]
[Black "Droin, Augustin"]
[WhiteFideId "13603647"]
[BlackFideId "45105987"]
[WhiteElo "2699"]
[BlackElo "2544"]
[Result "1-0"]
[Round "04"]
[TimeControl "180+1"]
[Date "2022.12.07"]
[WhiteClock "0:00:27"]
[BlackClock "0:00:16"]

1. Nf3 Nf6 2. g3 b5 3. Bg2 Bb7 4. O-O a6 5. b3 e6 6. c4 c5 7. Nc3 b4 8. Na4 d5 9. cxd5 Bxd5 10. d4 Nbd7 11. Be3 cxd4 12. Nxd4 Bd6 13. Nc6 Qc8 14. Rc1 Qb7 15. Na5 Qb5 16. Nc4 Be7 17. Ncb6 Nxb6 18. Nxb6 Bxg2 19. Nxa8 Qb7 20. Nc7+ Kf8 21. Bc5 Qxc7 22. Bxe7+ Qxe7 23. Kxg2 Qb7+ 24. Kg1 Ke7 25. Qd4 Rd8 26. Qc5+ Ke8 27. Rfd1 Rxd1+ 28. Rxd1 Nd5 29. Qd6 Qc8 30. Rd4 a5 31. Rc4 Qd7 32. Qb8+ Ke7 33. e4 1-0


[Site "https://www.chess.com"]

[Event "Titled Tuesday Blitz December 06 Late 2022"]
[White "Jimenez Almeida, Luis David"]
[Black "Vargas, Mauricio"]
[WhiteFideId "22242244"]
[BlackFideId "4404572"]
[WhiteElo "2158"]
[BlackElo "2025"]
[Result "1-0"]
[Round "04"]
[TimeControl "180+1"]
[Date "2022.12.07"]
[WhiteClock "0:02:02"]
[BlackClock "0:00:02"]

1. e4 c6 2. Nc3 d5 3. Qf3 dxe4 4. Nxe4 Nf6 5. Ng3 Bg4 6. Qb3 Qc7 7. Bc4 e6 8. h3 Bf5 9. Nxf5 exf5 10. Nf3 Bc5 11. d4 Bd6 12. O-O O-O 13. Bd3 Ne4 14. Re1 Nd7 15. c4 Ndf6 16. Qc2 Rfe8 17. b3 Rad8 18. Bb2 g5 19. d5 g4 20. hxg4 fxg4 21. Bxe4 Nxe4 22. Rxe4 Rxe4 23. Qxe4 gxf3 24. Qg4+ Kf8 25. Bg7+ Ke7 26. Re1+ Be5 27. Rxe5+ 1-0


[Site "https://www.chess.com"]

[Event "Titled Tuesday Blitz December 06 Late 2022"]
[White "Jobava, Baadur"]
[Black "Zierk, Steven"]
[WhiteFideId "13601520"]
[BlackFideId "2034255"]
[WhiteElo "2582"]
[BlackElo "2494"]
[Result "1-0"]
[Round "04"]
[TimeControl "180+1"]
[Date "2022.12.06"]
[WhiteClock "0:00:27"]
[BlackClock "0:00:32"]

1. e4 e6 2. d4 d5 3. exd5 exd5 4. Nf3 Nc6 5. Nc3 Bb4 6. Bb5 Ne7 7. Bg5 f6 8. Bf4 Bg4 9. h3 Bh5 10. a3 Bd6 11. Bxd6 Qxd6 12. O-O O-O 13. Be2 Qf4 14. g3 Qh6 15. Re1 Rad8 16. Kg2 Rfe8 17. Nb5 Rd7 18. Nh4 Bf7 19. Bg4 f5 20. Nxf5 Nxf5 21. Rxe8+ Bxe8 22. Bxf5 Re7 23. Qf3 Bf7 24. Rd1 Na5 25. b3 c6 26. Nc3 b6 27. Rd3 Qc1 28. Re3 Rxe3 29. Qxe3 Qxa3 30. Qe5 g6 31. Bd7 Qb2 32. Qb8+ Kg7 33. Qe5+ Kg8 34. Qb8+ Kg7 35. Qxa7 Kf6 36. Qc7 Kg5 37. Qf4+ 1-0


[Site "https://www.chess.com"]

[Event "Titled Tuesday Blitz December 06 Late 2022"]
[White "Kaganskiy, Gleb"]
[Black "Jarmula, Lukasz"]
[WhiteFideId "4132025"]
[BlackFideId "1160664"]
[WhiteElo "2165"]
[BlackElo "2357"]
[Result "1/2-1/2"]
[Round "04"]
[TimeControl "180+1"]
[Date "2022.12.07"]
[WhiteClock "0:00:22"]
[BlackClock "0:00:17"]

1. e4 e6 2. d4 d5 3. Nd2 c5 4. exd5 Qxd5 5. Ngf3 cxd4 6. Bc4 Qd6 7. O-O Nf6 8. Re1 Be7 9. Ne4 Nxe4 10. Rxe4 Nc6 11. Nxd4 e5 12. Qf3 Nxd4 13. Qxf7+ Kd8 14. Be3 Bf5 15. Qxg7 Rf8 16. Rxe5 Bf6 17. Rd5 Bxg7 18. Rxd6+ Kc7 19. Rxd4 Bxd4 20. Bxd4 Rad8 21. c3 a6 22. Bf1 Rfe8 23. g3 Be4 24. Re1 Bd5 25. Ra1 h5 26. h4 b5 27. Be3 Bc4 28. Bg2 Bd5 29. Bf1 Bc4 30. Bg2 Bd5 31. Bf1 1/2-1/2


[Site "https://www.chess.com"]

[Event "Titled Tuesday Blitz December 06 Late 2022"]
[White "Karas, Marek"]
[Black "Vykouk, Jan"]
[WhiteFideId "14928558"]
[BlackFideId "349658"]
[WhiteElo "2247"]
[BlackElo "2378"]
[Result "0-1"]
[Round "04"]
[TimeControl "180+1"]
[Date "2022.12.07"]
[WhiteClock "0:00:02"]
[BlackClock "0:01:24"]

1. d4 Nf6 2. Nf3 g6 3. c4 Bg7 4. Nc3 d6 5. e4 O-O 6. Be2 Nbd7 7. O-O e5 8. Re1 Qe7 9. Bf1 c6 10. b3 Ne8 11. Bb2 Nc7 12. Qd2 Ne6 13. d5 Nd4 14. Be2 c5 15. Bd1 a6 16. a3 f5 17. exf5 gxf5 18. b4 e4 19. Ng5 Ne5 20. Ne6 Nxc4 21. Qc1 Nxb2 22. Qxb2 Nxe6 23. dxe6 Bxe6 24. Bb3 c4 25. Ba2 b5 26. Rad1 d5 27. Qc1 d4 28. Ne2 d3 29. Nc3 Qf6 30. Nb1 Rac8 31. Qf4 Bf7 32. Rc1 c3 33. Bxf7+ Rxf7 0-1


[Site "https://www.chess.com"]

[Event "Titled Tuesday Blitz December 06 Late 2022"]
[White "Kavutskiy, Konstantin"]
[Black "Ankerst, Mihael"]
[WhiteFideId "2026384"]
[BlackFideId "14602369"]
[WhiteElo "2386"]
[BlackElo "2368"]
[Result "1-0"]
[Round "04"]
[TimeControl "180+1"]
[Date "2022.12.07"]
[WhiteClock "0:00:41"]
[BlackClock "0:00:24"]

1. d4 Nf6 2. Bg5 g6 3. Nd2 d5 4. e3 Bg7 5. Bd3 O-O 6. c3 Nbd7 7. f4 b6 8. Ngf3 Bb7 9. Ne5 Ne4 10. Nxe4 dxe4 11. Bc4 Nxe5 12. fxe5 Bd5 13. Be2 f6 14. exf6 exf6 15. Bf4 c5 16. c4 Bb7 17. d5 f5 18. Rb1 b5 19. O-O bxc4 20. Bxc4 Kh8 21. h3 Re8 22. Qb3 Qd7 23. Bb5 Qxd5 24. Bxe8 Rxe8 25. Rfd1 Qxb3 26. axb3 Ba6 27. Ra1 Bd3 28. Rxa7 Bxb2 29. Bd6 Rc8 30. Rc7 Rb8 31. Rxh7+ Kxh7 32. Bxb8 Kg7 33. Bd6 Ba3 34. Ra1 Bb4 35. Ra7+ Kf6 36. Rc7 Bc2 37. Bxc5 Bxc5 38. Rxc5 Bxb3 39. Kf2 Kg5 40. Kg3 Bd1 41. h4+ Kh5 42. Rc8 Kh6 43. Kf4 Be2 44. g3 Bf3 45. Ke5 Kg7 46. Rc7+ Kh6 47. Kf6 Kh5 48. Rg7 Kg4 49. Rxg6+ Kh3 50. Kxf5 Kg2 51. g4 Kf2 52. Kf4 Ke2 53. h5 Bxg4 54. Rxg4 Kd3 55. h6 Ke2 56. h7 Kd3 57. h8=Q Kd2 58. Qd8+ Ke2 59. Rg2+ Kf1 60. Ra2 Ke1 61. Qd2+ Kf1 62. Qd1# 1-0


[Site "https://www.chess.com"]

[Event "Titled Tuesday Blitz December 06 Late 2022"]
[White "Keymer, Vincent"]
[Black "BlackChess17"]
[WhiteFideId "12940690"]
[WhiteElo "2600"]
[BlackElo "2814"]
[Result "0-1"]
[Round "04"]
[TimeControl "180+1"]
[Date "2022.12.06"]
[WhiteClock "0:00:01"]
[BlackClock "0:00:41"]

1. Nf3 Nf6 2. c4 e6 3. Nc3 d5 4. e3 c5 5. cxd5 exd5 6. Bb5+ Nc6 7. Ne5 Bd7 8. Nxd7 Qxd7 9. O-O Bd6 10. d4 cxd4 11. exd4 O-O 12. Bg5 Ne4 13. Nxe4 dxe4 14. d5 Qf5 15. dxc6 Qxg5 16. cxb7 Rab8 17. Qxd6 Qxb5 18. b3 Qxb7 19. Rfd1 Rbc8 20. h3 h6 21. Rac1 Rfe8 22. Qd4 a6 23. Rc5 Rxc5 24. Qxc5 Re6 25. Rd8+ Kh7 26. Qf5+ Rg6 27. Qc8 Qxc8 28. Rxc8 Rd6 29. Rc2 f5 30. g3 g5 31. Kg2 Kg6 32. Rc4 Re6 33. Ra4 f4 34. gxf4 gxf4 35. Ra5 Kf6 36. b4 Rb6 37. a3 Rd6 38. Rc5 Rd2 39. Kf1 f3 40. Kg1 Rd1+ 41. Kh2 e3 0-1


[Site "https://www.chess.com"]

[Event "Titled Tuesday Blitz December 06 Late 2022"]
[White "Khandelwal, Ankush"]
[Black "Matinian, Nikita"]
[WhiteFideId "413470"]
[BlackFideId "24129100"]
[WhiteElo "2461"]
[BlackElo "2676"]
[Result "0-1"]
[Round "04"]
[TimeControl "180+1"]
[Date "2022.12.07"]
[WhiteClock "0:00:18"]
[BlackClock "0:00:36"]

1. e4 d6 2. d4 g6 3. Nc3 Nf6 4. Be3 c6 5. Qd2 b5 6. Bd3 Nbd7 7. Nf3 Nb6 8. O-O Bg7 9. Bh6 O-O 10. Bxg7 Kxg7 11. e5 Nfd5 12. Nxd5 Nxd5 13. h3 Rb8 14. Rae1 f6 15. exf6+ exf6 16. h4 h5 17. c3 Rb7 18. Qc2 Nf4 19. Be4 d5 20. Bd3 a5 21. a3 a4 22. Nd2 Re7 23. Re3 Rfe8 24. Rg3 Bg4 25. f3 Bf5 26. Bxf5 Ne2+ 27. Kh2 Nxg3 28. Kxg3 gxf5 29. Qxf5 Re2 30. Rd1 Qd6+ 31. f4 Kh6 32. Nf3 Rg8+ 33. Ng5 fxg5 34. hxg5+ Kg7 35. Rh1 Rf8 36. Qd3 Qxf4+ 37. Kh3 Qg4+ 38. Kh2 Qxg2# 0-1


[Site "https://www.chess.com"]

[Event "Titled Tuesday Blitz December 06 Late 2022"]
[White "Koelle, Tobias"]
[Black "Abasov, Nijat"]
[WhiteFideId "16207378"]
[BlackFideId "13402960"]
[WhiteElo "2497"]
[BlackElo "2546"]
[Result "0-1"]
[Round "04"]
[TimeControl "180+1"]
[Date "2022.12.06"]
[WhiteClock "0:00:02"]
[BlackClock "0:00:05"]

1. d4 Nf6 2. c4 e6 3. Nc3 Bb4 4. e3 O-O 5. Ne2 d5 6. a3 Be7 7. cxd5 exd5 8. g3 Re8 9. Bg2 c6 10. O-O Na6 11. b4 Nc7 12. Rb1 Bf5 13. Rb2 Qd7 14. f3 Bd6 15. Bd2 a5 16. bxa5 Rxa5 17. Ne4 dxe4 18. Bxa5 exf3 19. Bxf3 Ncd5 20. Bd2 Nxe3 21. Bxe3 Rxe3 22. Qa4 Bh3 23. Qa8+ Re8 24. Qxb7 Qxb7 25. Rxb7 Bxf1 26. Kxf1 Bxa3 27. Bxc6 Rd8 28. Ra7 Bd6 29. Ra8 Bb8 30. Nc3 Kf8 31. d5 Ke7 32. Ke2 Ng4 33. h3 Ne5 34. Bb5 h5 35. Ne4 f5 36. d6+ Ke6 37. Nc5+ Kd5 38. Na6 Kxd6 39. Rxb8 Rxb8 40. Nxb8 Kc7 41. Ke3 Kxb8 42. Kf4 Nf7 43. Be8 Nd6 44. Bxh5 Kc7 45. Ke5 Kd7 46. Bg6 Ke7 47. Bxf5 Nf7+ 48. Kf4 g5+ 49. Ke3 Kf6 50. Bc2 Nd6 51. Kf3 Nf7 52. Be4 Nd6 53. Ke3 Nf7 54. Bd3 Nd6 55. Kd4 Nf7 56. Kd5 Ne5 57. Be2 Nf7 58. Bd1 Nh6 59. Ke4 Nf5 60. Kf3 Nd4+ 61. Kg4 Nf5 62. Kf3 Nd4+ 63. Kf2 Nf5 64. Bc2 Nd4 65. Be4 Ne6 66. Kf3 Nd4+ 67. Kg4 Ne2 68. Bd3 Nd4 69. Kh5 Ne6 70. Bb1 Nd4 71. g4 Ne2 72. h4 Nf4+ 73. Kh6 gxh4 74. g5+ Ke5 75. g6 h3 76. g7 h2 77. g8=Q h1=Q+ 78. Kg7 Ne6+ 79. Kf7 Qf1+ 80. Ke7 Qf6+ 81. Kd7 Nc5+ 82. Ke8 Qc6+ 83. Kf8 Qf6+ 84. Ke8 Qc6+ 85. Kf8 Ne6+ 86. Kf7 Qb7+ 87. Kg6 Qg2+ 88. Kf7 Qf3+ 89. Ke7 Qb7+ 90. Ke8 Qb8+ 91. Kf7 Qb7+ 92. Kg6 Qxb1+ 93. Kf7 Qb7+ 94. Kg6 Qe4+ 95. Kf7 Qf3+ 96. Ke7 Qa3+ 97. Kf7 Qa7+ 98. Kg6 Qg1+ 99. Kf7 Qf1+ 100. Ke7 Qf6+ 101. Kd7 Nc5+ 102. Ke8 Qc6+ 103. Kf7 Qd7+ 104. Kg6 Qf5+ 105. Kh6 Qh3+ 106. Kg6 Qg4+ 107. Kf7 Qf5+ 108. Kg7 Ne6+ 109. Kh6 Qf6+ 110. Qg6 Qh8+ 111. Qh7 Qf8+ 112. Kh5 Qf3+ 113. Kg6 Qf6+ 114. Kh5 Qg5# 0-1


[Site "https://www.chess.com"]

[Event "Titled Tuesday Blitz December 06 Late 2022"]
[White "Kokoszczynski, Jan"]
[Black "Timmermans, Mark"]
[WhiteFideId "1174460"]
[BlackFideId "1026399"]
[WhiteElo "2557"]
[BlackElo "2723"]
[Result "0-1"]
[Round "04"]
[TimeControl "180+1"]
[Date "2022.12.07"]
[WhiteClock "0:00:02"]
[BlackClock "0:00:41"]

1. d4 Nf6 2. c4 e6 3. Nc3 Bb4 4. e3 Ne4 5. Bd2 Nxd2 6. Qxd2 f5 7. a3 Bxc3 8. Qxc3 O-O 9. Nf3 b6 10. Be2 Bb7 11. O-O d6 12. Nd2 Nd7 13. Bf3 Bxf3 14. Nxf3 Qf6 15. Rfd1 g5 16. Rac1 g4 17. Ne1 e5 18. dxe5 Qxe5 19. Nd3 Qxc3 20. Rxc3 a5 21. Nf4 Nc5 22. h3 g3 23. f3 Rae8 24. b4 Ne6 25. Nh5 axb4 26. axb4 f4 27. exf4 Nxf4 28. Nxf4 Rxf4 29. Kf1 Re7 30. Re1 Kf7 31. Rxe7+ Kxe7 32. Ke2 Kf6 33. Ke3 Ke5 34. Rc2 c5 35. b5 Rd4 36. Rc3 h5 37. Rc2 h4 38. Re2 Rxc4 39. Kd3+ Kd5 40. Re7 Rb4 41. Rh7 Rb2 42. Rxh4 Rxg2 43. Rg4 Rg1 44. h4 g2 45. Ke2 c4 46. h5 c3 47. h6 c2 0-1


[Site "https://www.chess.com"]

[Event "Titled Tuesday Blitz December 06 Late 2022"]
[White "Kovacevic, Radmila"]
[Black "Xu, Grant"]
[WhiteFideId "933171"]
[BlackFideId "2052318"]
[WhiteElo "2244"]
[BlackElo "2186"]
[Result "0-1"]
[Round "04"]
[TimeControl "180+1"]
[Date "2022.12.07"]
[WhiteClock "0:00:09"]
[BlackClock "0:01:01"]

1. e4 d6 2. d4 Nf6 3. Nc3 e5 4. Bc4 Be7 5. Nf3 Nbd7 6. Bxf7+ Kxf7 7. Ng5+ Kg8 8. Ne6 Qe8 9. Nxc7 Qg6 10. O-O Rb8 11. f4 exf4 12. Bxf4 Nb6 13. e5 Bg4 14. Qe1 Nh5 15. N3d5 Bf8 16. exd6 Nxf4 17. Rxf4 Nxd5 18. Nxd5 Qxd6 19. c4 Be6 20. Nf6+ gxf6 21. Qg3+ Kf7 22. d5 Bd7 23. Raf1 Qc5+ 24. Kh1 Be7 25. Qh4 Rbf8 26. Qh5+ Kg7 27. R4f3 Rhg8 28. Rh3 Bxh3 29. Qxh3 Kh8 30. Qh5 Qxc4 31. b3 Qxf1# 0-1


[Site "https://www.chess.com"]

[Event "Titled Tuesday Blitz December 06 Late 2022"]
[White "Kravtsiv, Martyn"]
[Black "Kollars, Dmitrij"]
[WhiteFideId "14113147"]
[BlackFideId "12909572"]
[WhiteElo "2695"]
[BlackElo "2584"]
[Result "1/2-1/2"]
[Round "04"]
[TimeControl "180+1"]
[Date "2022.12.06"]
[WhiteClock "0:00:09"]
[BlackClock "0:00:06"]

1. e4 c5 2. Nf3 Nc6 3. d4 cxd4 4. Nxd4 Nf6 5. Nc3 d6 6. Be3 Ng4 7. Bb5 Bd7 8. Nxc6 bxc6 9. Bxc6 Nxe3 10. Bxd7+ Qxd7 11. fxe3 e6 12. O-O Be7 13. e5 d5 14. e4 d4 15. Ne2 O-O 16. Nf4 Qb7 17. Qg4 Qxe4 18. Rae1 Qf5 19. Qxf5 exf5 20. Nd3 g6 21. Re2 Rfc8 22. Rf4 Rd8 23. Kf1 Rac8 24. Ke1 Bg5 25. Rf3 Rc6 26. Kd1 h5 27. a3 Kg7 28. h3 h4 29. Nf4 Bxf4 30. Rxf4 d3 31. cxd3 Rxd3+ 32. Rd2 Re3 33. Rxh4 Rxe5 34. Ra4 a5 35. Rad4 Rb6 36. b4 axb4 37. axb4 Reb5 38. Rb2 Kf6 39. Kc2 Ke5 40. Kc3 g5 41. Rc4 Kd5 42. Rd2+ Ke6 43. Rdd4 f4 44. Rc5 Rxc5+ 45. bxc5 Rb1 46. Rd2 Rc1+ 47. Kb4 f5 48. Kb5 g4 49. c6 Ke5 50. Kb6 Ke4 51. c7 Ke3 52. Rb2 f3 53. hxg4 fxg4 54. gxf3 gxf3 55. Kb7 f2 56. Rxf2 Kxf2 57. c8=Q Rxc8 58. Kxc8 1/2-1/2


[Site "https://www.chess.com"]

[Event "Titled Tuesday Blitz December 06 Late 2022"]
[White "Krishnan, Varun"]
[Black "Calcada, Lucas Galvan"]
[WhiteFideId "5054508"]
[BlackFideId "22746099"]
[WhiteElo "2546"]
[BlackElo "1523"]
[Result "1-0"]
[Round "04"]
[TimeControl "180+1"]
[Date "2022.12.07"]
[WhiteClock "0:00:40"]
[BlackClock "0:00:11"]

1. d4 Nf6 2. c4 g6 3. Nf3 d6 4. g3 Bg7 5. Bg2 O-O 6. O-O c5 7. Nc3 cxd4 8. Nxd4 a6 9. b4 Qc7 10. Qb3 Nc6 11. e3 Ne5 12. Nd5 Nxd5 13. cxd5 b5 14. Bb2 Nc4 15. Rfd1 Bxd4 16. Bxd4 Bd7 17. Qc3 f6 18. a4 Rfc8 19. a5 Qd8 20. Qd3 Qe8 21. Rac1 Qf7 22. Bf1 Rab8 23. Qb3 Bg4 24. Re1 Nd2 25. Qd3 Nf3+ 26. Kg2 Nxe1+ 27. Rxe1 Qxd5+ 28. Kg1 Qf7 29. Bg2 Be6 30. Ba7 Bc4 31. Qd2 Ra8 32. Bxa8 Rxa8 33. Bb6 Rc8 34. e4 Qe8 35. f4 Qc6 36. e5 dxe5 37. fxe5 f5 38. Bc5 e6 39. Qg5 Qf3 40. Qe3 Qxe3+ 41. Rxe3 Rd8 42. Bd6 Kf7 43. Rc3 Rc8 44. Kf2 g5 45. Ke3 Kg6 46. Kd4 h5 47. h3 f4 48. gxf4 gxf4 49. Rc1 Kf5 50. Rg1 Bd5 51. h4 Rc4+ 52. Kd3 Be4+ 53. Ke2 Rc2+ 54. Kd1 Rh2 55. Rg5# 1-0


[Site "https://www.chess.com"]

[Event "Titled Tuesday Blitz December 06 Late 2022"]
[White "Leenhouts, Koen"]
[Black "Sattarov, Bobir"]
[WhiteFideId "1008439"]
[BlackFideId "14203081"]
[WhiteElo "2550"]
[BlackElo "2708"]
[Result "1-0"]
[Round "04"]
[TimeControl "180+1"]
[Date "2022.12.07"]
[WhiteClock "0:00:09"]
[BlackClock "0:00:02"]

1. e4 e5 2. Nf3 Nc6 3. Bb5 a6 4. Ba4 Bc5 5. d3 Qf6 6. c3 Nge7 7. Be3 Ba7 8. Nbd2 h6 9. Qe2 d6 10. Bxa7 Rxa7 11. Nf1 Ng6 12. Qe3 Ra8 13. Bxc6+ bxc6 14. Ng3 Nf4 15. O-O c5 16. Ne2 g5 17. Ng3 O-O 18. Nd2 Rb8 19. Rab1 Be6 20. b3 a5 21. Ne2 Kh7 22. g3 Nh3+ 23. Kh1 a4 24. f3 axb3 25. axb3 Ra8 26. Rb2 Ra3 27. Nc4 Ra7 28. Kg2 Rfa8 29. Qd2 h5 30. Ne3 Rg8 31. Nd5 Qd8 32. b4 cxb4 33. cxb4 c6 34. Ndc3 d5 35. b5 d4 36. Nd1 cxb5 37. Rxb5 f6 38. Nf2 Nxf2 39. Kxf2 h4 40. Rfb1 hxg3+ 41. hxg3 Kg6 42. f4 Bg4 43. f5+ Kh6 44. Qb4 Rh8 45. Rh1+ Kg7 46. Rb7+ Rxb7 47. Qxb7+ Kg8 48. Rxh8+ Kxh8 49. Qf7 Bxe2 50. Kxe2 Qd6 51. Kf3 Qa6 52. Kg4 Qxd3 53. Qxf6+ Kg8 54. Qxg5+ Kf8 55. Qf6+ Kg8 56. Qg6+ Kf8 57. f6 Qe2+ 58. Kf5 Qf1+ 59. Kg5 1-0


[Site "https://www.chess.com"]

[Event "Titled Tuesday Blitz December 06 Late 2022"]
[White "Lewicki, Miroslaw"]
[Black "Sjugirov, Sanan"]
[WhiteFideId "1113380"]
[BlackFideId "4189302"]
[WhiteElo "2191"]
[BlackElo "2613"]
[Result "0-1"]
[Round "04"]
[TimeControl "180+1"]
[Date "2022.12.06"]
[WhiteClock "0:00:01"]
[BlackClock "0:00:17"]

1. g3 d5 2. Bg2 e5 3. Nf3 Bd6 4. O-O Nf6 5. b3 O-O 6. Bb2 Re8 7. d3 c6 8. c4 Nbd7 9. Qc2 Nf8 10. e4 Ng6 11. exd5 cxd5 12. Nbd2 Bf5 13. h3 Rc8 14. g4 Be6 15. Rfe1 h5 16. Nxe5 Bxe5 17. Bxe5 hxg4 18. hxg4 Nxe5 19. Rxe5 Nxg4 20. Re2 Bf5 21. Rxe8+ Qxe8 22. Nf3 dxc4 23. bxc4 Rd8 24. Rd1 Qd7 25. Qc3 Qd6 26. d4 Be4 27. d5 Rc8 28. Rd4 Qf6 29. d6 b6 30. d7 Rd8 31. Rxe4 Qxc3 32. Re8+ Kh7 33. Rxd8 Qc1+ 34. Bf1 Qd1 35. Kg2 Qd6 36. c5 bxc5 37. Bb5 Nf6 38. Rf8 Qxf8 0-1


[Site "https://www.chess.com"]

[Event "Titled Tuesday Blitz December 06 Late 2022"]
[White "Liu, Kelsey"]
[Black "Ismayil, Malak"]
[WhiteFideId "30944481"]
[BlackFideId "13412604"]
[WhiteElo "2283"]
[BlackElo "1880"]
[Result "0-1"]
[Round "04"]
[TimeControl "180+1"]
[Date "2022.12.07"]
[WhiteClock "0:00:04"]
[BlackClock "0:00:22"]

1. e4 e5 2. Nf3 Nc6 3. Bb5 a6 4. Ba4 Nf6 5. Qe2 d6 6. c3 b5 7. Bc2 Be7 8. O-O O-O 9. Rd1 Bg4 10. h3 Bh5 11. d3 h6 12. Nbd2 d5 13. Nf1 d4 14. g4 Bg6 15. Ng3 b4 16. Bd2 bxc3 17. bxc3 Bc5 18. c4 Qd6 19. Nf5 Bxf5 20. gxf5 Bb4 21. Kh1 Bxd2 22. Qxd2 Nh5 23. Rg1 Nf4 24. Rg3 Kh7 25. Rag1 Rg8 26. Qd1 Nb8 27. Rg4 Nd7 28. Rh4 Qf6 29. Ng5+ Kh8 30. Qg4 Nf8 31. c5 Nh7 32. Nxh7 Kxh7 33. Bb3 Nxd3 34. Qg3 Nf4 35. Rg4 Ne2 36. Qg2 Nxg1 37. Qxg1 Rad8 38. f4 exf4 39. Bc2 d3 40. Bb1 Qd4 41. Qd1 Qxe4+ 0-1


[Site "https://www.chess.com"]

[Event "Titled Tuesday Blitz December 06 Late 2022"]
[White "Maghsoodloo, Parham"]
[Black "Nazari, Arad"]
[WhiteFideId "12539929"]
[BlackFideId "12577324"]
[WhiteElo "2672"]
[BlackElo "2264"]
[Result "1-0"]
[Round "04"]
[TimeControl "180+1"]
[Date "2022.12.06"]
[WhiteClock "0:01:45"]
[BlackClock "0:00:04"]

1. d4 Nf6 2. c4 g6 3. f3 Nc6 4. d5 Ne5 5. e4 d6 6. Nc3 Bg7 7. f4 Ned7 8. Nh3 e6 9. Be2 exd5 10. cxd5 O-O 11. O-O Re8 12. Bf3 c6 13. dxc6 bxc6 14. Qxd6 Qb6+ 15. Nf2 Bf8 16. Qd2 Ba6 17. Re1 Rad8 18. Qc2 Bc5 19. Na4 Qb4 20. Bd2 Bxf2+ 21. Kxf2 Qd4+ 22. Be3 Nxe4+ 23. Kg1 Qd3 24. Qxd3 Bxd3 25. Bxa7 Ra8 26. Rad1 Rxa7 27. Rxd3 Rxa4 28. Rxd7 f5 29. Bd1 Rb4 30. Bb3+ Kh8 31. Rc7 c5 32. Rxc5 Nxc5 33. Rxe8+ Kg7 34. Re7+ Kf8 35. Rxh7 Nxb3 36. axb3 Rxb3 37. h4 Rxb2 38. h5 gxh5 39. Rxh5 Rb5 40. Rh7 Kg8 41. Re7 Kf8 42. Rc7 Rb4 43. g3 Rb5 44. Kg2 Ra5 45. Kh3 Ra6 46. Kh4 Rg6 47. Rc5 Rf6 48. Kg5 Kg7 49. Rxf5 Rg6+ 50. Kh4 Rb6 51. g4 Rb1 52. Kg5 Rb6 53. Re5 Rb7 54. f5 Ra7 55. Re7+ Rxe7 56. f6+ Kf7 57. fxe7 Kxe7 58. Kg6 Kf8 59. Kh7 1-0


[Site "https://www.chess.com"]

[Event "Titled Tuesday Blitz December 06 Late 2022"]
[White "Manukyan, Sargis A."]
[Black "Mikhailov, Viacheslav"]
[WhiteFideId "13303970"]
[BlackFideId "4187369"]
[WhiteElo "2545"]
[BlackElo "2704"]
[Result "1-0"]
[Round "04"]
[TimeControl "180+1"]
[Date "2022.12.07"]
[WhiteClock "0:02:49"]
[BlackClock "0:02:53"]

1. d4 Nf6 2. c4 g6 3. Nc3 Bg7 4. Nf3 O-O 5. h3 d6 6. Bf4 c5 7. d5 a6 8. e3 b5 9. cxb5 axb5 10. Bxb5 Qa5 11. O-O Ne4 12. Bc4 Qxc3 13. bxc3 1-0


[Site "https://www.chess.com"]

[Event "Titled Tuesday Blitz December 06 Late 2022"]
[White "Marchesich, Giovanni"]
[Black "Suder, Jakub"]
[WhiteFideId "2824790"]
[BlackFideId "1195310"]
[WhiteElo "2200"]
[BlackElo "2245"]
[Result "0-1"]
[Round "04"]
[TimeControl "180+1"]
[Date "2022.12.07"]
[WhiteClock "0:01:28"]
[BlackClock "0:00:34"]

1. Nf3 d5 2. e3 Nf6 3. c4 e6 4. b3 Be7 5. Bb2 O-O 6. Nc3 c5 7. Rc1 Nc6 8. cxd5 exd5 9. d4 Bg4 10. dxc5 Bxc5 11. Bb5 a6 12. Bxc6 bxc6 13. Nxd5 Ne4 14. Nc3 Qxd1+ 15. Nxd1 Bb4+ 16. Nc3 Rfd8 17. a3 Bxc3+ 18. Bxc3 Rd3 19. Ne5 Rxc3 20. Rxc3 Nxc3 21. Nxg4 f6 22. Kd2 Ne4+ 23. Kd3 f5 24. f3 Rd8+ 25. Ke2 Nc3+ 26. Kf2 fxg4 27. Rc1 Rd2+ 28. Kg3 Ne2+ 0-1


[Site "https://www.chess.com"]

[Event "Titled Tuesday Blitz December 06 Late 2022"]
[White "Marcolino, Daniel Mattos"]
[Black "Jaskolka, Tomasz"]
[WhiteFideId "2106841"]
[BlackFideId "1170791"]
[WhiteElo "2159"]
[BlackElo "2126"]
[Result "0-1"]
[Round "04"]
[TimeControl "180+1"]
[Date "2022.12.07"]
[WhiteClock "0:00:15"]
[BlackClock "0:00:02"]

1. d4 d5 2. Nf3 c6 3. g3 Nf6 4. Bg2 Bf5 5. c4 e6 6. Nc3 Be7 7. Qb3 Qb6 8. c5 Qxb3 9. axb3 Nbd7 10. b4 O-O 11. b5 e5 12. e3 Ne4 13. bxc6 bxc6 14. Bd2 exd4 15. exd4 Bf6 16. Ra6 Rac8 17. Be3 Rc7 18. O-O Nxc3 19. bxc3 Bd3 20. Rfa1 Bxa6 21. Rxa6 Rfc8 22. Bf1 g6 23. c4 dxc4 24. Bxc4 Be7 25. Kg2 Bf8 26. Ra3 Nf6 27. Bf4 Rd7 28. Be5 Nd5 29. Bxd5 Rxd5 30. Rxa7 Bg7 31. Bxg7 Kxg7 32. Ne5 Rxd4 33. Rxf7+ Kg8 34. Rb7 Re4 35. f4 g5 36. Kf3 Re1 37. Rb6 gxf4 38. gxf4 Rf8 39. Kg4 Rg1+ 40. Kf3 Rf1+ 41. Kg3 R8xf4 42. Rxc6 Rf5 43. Ng4 Rg1+ 44. Kh4 Rf4 45. Rc8+ Kf7 46. Rc7+ Kg6 47. Rc6+ Kf5 48. Rf6+ Ke4 49. Rxf4+ Kxf4 50. Nf6 Rg6 51. Nxh7 Rh6# 0-1


[Site "https://www.chess.com"]